 Dungeon Crawl Stone Soup version 0.27-b1-2-g8387495791 (webtiles) character file.

Game seed: 9597664825095638287

44 seveneves the Skirmisher (level 3, 0/33 HPs)
             Began as a Minotaur Fighter on July 25, 2021.
             Slain by Terence (5 damage)
             ... on level 2 of the Dungeon.
             The game lasted 00:04:52 (750 turns).

seveneves the Skirmisher (Minotaur Fighter)          Turns: 750, Time: 00:04:53

Health: 0/33       AC:  7    Str: 21    XL:     3   Next: 39%
Magic:  2/2        EV:  7    Int:  5    God:
Gold:   68         SH:  9    Dex:  9    Spells: 2/2 levels left

rFire    . . .     SeeInvis .   a - +0 long sword
rCold    . . .     Faith    .   c - +0 kite shield
rNeg     . . .     Spirit   .   b - +0 scale mail
rPois    .         Reflect  .   (helmet restricted)
rElec    .         Harm     .   (no cloak)
rCorr    .         Rampage  .   (no gloves)
Will     .....                  (no boots)
Stlth    ..........             (no amulet)
HPRegen  0.11/turn              (no ring)
MPRegen  0.08/turn              (no ring)

@: mighty
A: horns 2, retaliatory headbutt
a: no special abilities


You were on level 2 of the Dungeon.
You visited 1 branch of the dungeon, and saw 2 of its levels.

You collected 68 gold pieces.

Inventory:

Hand Weapons
 a - a +0 long sword (weapon)
Armour
 b - a +0 scale mail (worn)
 c - a +0 kite shield (worn)
Jewellery
 i - a ring of protection from cold
Scrolls
 e - a scroll of enchant armour {unknown}
 f - a scroll of summoning {unknown}
 g - 3 scrolls of identify {unknown}
 h - a scroll of noise {unknown}


   Skills:
 + Level 4.2 Fighting
 + Level 2.7 Long Blades
 + Level 4.2 Armour
 + Level 4.2 Shields


You had 2 spell levels left.
You didn't know any spells.
Your spell library was empty.

Dungeon Overview and Level Annotations

Branches:
Dungeon (2/15)

Altars:

Annotations:
D:2 Terence


Innate Abilities, Weirdness & Mutations

You have a pair of horns on your head.
You reflexively headbutt those who attack you in melee.


Message History

Terence hits you with a +0 flail.
You barely miss Terence. You headbutt Terence.
Terence is lightly wounded.
You block Terence's attack. The endoplasm freezes you.
You are frozen.
Terence hits you but does no damage.
You hit Terence but do no damage.
Terence is lightly wounded.
You block the endoplasm's attack. You block Terence's attack.
The endoplasm hits you.
You closely miss Terence.
Terence is lightly wounded.
Terence barely misses you. You furiously retaliate!
You headbutt Terence, but do no damage.
You riposte.
You closely miss Terence. Your headbutt misses Terence.
Terence is lightly wounded.
The endoplasm freezes you.
You are frozen.
Terence hits you with a +0 flail.
You hit Terence.
Terence is lightly wounded.
You block the endoplasm's attack. Terence closely misses you.
The endoplasm freezes you.
You are frozen.
You closely miss Terence.
Terence is lightly wounded.
Terence barely misses you. You block the endoplasm's attack.
You block Terence's attack.
You completely miss the endoplasm. You headbutt the endoplasm.
The endoplasm is severely wounded.
The endoplasm barely misses you. You block Terence's attack.
The endoplasm freezes you.
You are frozen.
You feel very mighty all of a sudden. Terence hits you with a +0 flail!
* * * LOW HITPOINT WARNING * * *
You block the endoplasm's attack.
You barely miss Terence. Your headbutt misses Terence.
Terence is lightly wounded.
Terence hits you with a +0 flail.
You die...

#####.# #.....#
......< #)#####
....... #.#
####....... #.#
#.......... #.#
#.......... #.#
#.......... #.#
#...J...... ..#
#..@@.# ###
##.....##. #####
#.†.......# ....#
#######.#########
###.# #...)..>#
#.###.#######
#.....# #######


You could see Terence and an endoplasm.

Vanquished Creatures
  A worm (D:2)
  2 dart slugs (D:1)
  An orc (D:2)
  2 bats
  3 endoplasms
  2 giant cockroaches (D:1)
  3 goblins (D:1)
  3 hobgoblins
  2 jackals (D:1)
  2 kobolds
  A quokka (D:1)
  6 ball pythons (D:1)
  A frilled lizard (D:1)
  2 rats
31 creatures vanquished.

Notes
Turn   | Place    | Note
-------+----------+-------------------------------------------
     0 | D:1      | seveneves the Minotaur Fighter began the quest for the Orb.
     0 | D:1      | Reached XP level 1. HP: 19/19 MP: 0/0
   144 | D:1      | Reached XP level 2. HP: 16/27 MP: 1/1
   364 | D:1      | Found a faded altar of an unknown god.
   439 | D:1      | Reached XP level 3. HP: 27/33 MP: 2/2
   736 | D:2      | Noticed Terence
   750 | D:2      | Slain by Terence

Illustrated notes

Levels and vault maps discovered:
D:1:      dpeg_arrival_round_a, layout_basic, hellmonk_ecumenical_altar_run_dry
D:2:      layout_basic, serial_shops,
          nicolae_shop_temple_entry_statues_fountains, uniq_sigmund,
          uniq_terence

Skill      XL: |  1  2 |
---------------+-------+-----
Fighting       | 4 |  4.2
Armour         | 4 |  4.2
Shields        | 4 |  4.2
Long Blades    | |  2.7

Action                   || total
-------------------------++-------
Melee: Long sword        ||    58
       Headbutt          ||     9
  Use: Potion            ||     1
Armor: Scale mail        ||    26
Dodge: Dodged            ||    19
Block: Kite shield       ||    31
       Rpst.: Long sword ||     7
